 Dungeon Sprint DCSS version 0.23.2-40-g277498a001 (webtiles) character file.

Game seed: 5407676650542137631

54476 Devam the Slayer (level 15, -5/122 HPs)
             Began as a Kobold Berserker on Aug 19, 2019.
             Was a Priest of Trog.
             Slain by Asmodeus
             ... wielding the +7 sceptre of Asmodeus
              (9 damage)
             ... in the Dungeon (Sprint IX: "|||||||||||||||||||||||||||||").
             The game lasted 01:02:26 (5604 turns).

Devam the Slayer (Kobold Berserker)                 Turns: 5604, Time: 01:02:28

Health: -5/122     AC: 24    Str: 14    XL:     15   Next: 14%
Magic:  7/7        EV: 26    Int: 11    God:    Trog [***...]
Gold:   1495       SH: 13    Dex: 22    Spells: 14/14 levels left

rFire    + + .     SeeInvis .   a - +9 quick blade (antimagic)
rCold    x . .     Gourm    .   Q - +0 shield {reflect}
rNeg     . . .     Faith    .   M - +1 fire dragon scales
rPois    +         Spirit   .   z - +2 helmet
rElec    .         Reflect  +   N - +1 cloak {rPois}
rCorr    .         Harm     .   J - +2 pair of gloves {Dex+3}
MR       ++...     NoTele   +   B - +0 pair of boots
Stlth    ++++++....             (no amulet)
HPRegen  0.30/turn              m - ring of protection from magic
MPRegen  0.10/turn              p - +2 ring of protection

@: very slightly contaminated, invisible
A: small, carnivore
a: Berserk, Trog's Hand, Renounce Religion


You were in the Dungeon.
You worshipped Trog.
Trog was most pleased with you.
You were not hungry.

You visited 1 branch You collected 1928 gold pieces.
You spent 433 gold pieces at shops.

Inventory:

Hand Weapons
 a - a +9 antimagic quick blade (weapon)
 b - a +7 antimagic dagger
 s - a +4 rapier of venom
 x - a +4 antimagic rapier
 H - a +3 dagger of draining
 O - the +11 short sword "Xelaot" {freeze, rElec}
   (Trog gifted it to you in the Dungeon)

   It has been specially enchanted to freeze those struck by it, causing extra
   injury to most foes and up to half again as much damage against particularly
   susceptible opponents.
   It can also slow down cold-blooded creatures.
   It insulates you from electricity.
Missiles
 q - 24 tomahawks of returning (quivered)
 w - 7 needles of confusion
 y - 4 tomahawks of dispersal
 D - 3 curare-tipped needles
 E - 18 silver tomahawks
 F - 3 throwing nets
 G - 8 tomahawks
 P - 8 steel tomahawks
 R - 6 poisoned tomahawks
 S - 7 needles of sleeping
 T - 6 exploding tomahawks
Armour
 n - +0 acid dragon scales
 z - a +2 helmet (worn)
 B - a +0 pair of boots (worn)
 I - the +2 robe of Democracy {SInv}
   (You bought it in a shop in the Dungeon)

   It lets you see invisible.
 J - a +2 pair of gloves of dexterity (worn)
 L - a +1 cloak of invisibility
 M - +1 fire dragon scales (worn)
 N - a +1 cloak of poison resistance (worn)
 Q - a +0 shield of reflection (worn)
Jewellery
 m - a ring of protection from magic (left hand)
 o - a +3 ring of intelligence
 p - a +2 ring of protection (right hand)
 C - an uncursed ring of poison resistance
 K - an uncursed ring of ice
Wands
 k - a wand of iceblast (10)
 l - a wand of flame (26)
 r - a wand of enslavement (8)
Scrolls
 i - 6 scrolls of remove curse
 t - a scroll of fear
 u - 4 scrolls of enchant weapon
 A - a scroll of identify
Potions
 d - 2 potions of curing
 g - 4 potions of magic
 h - 3 potions of berserk rage
Comestibles
 c - 12 rations


   Skills:
 + Level 24.9 Fighting
 - Level 15.9 Short Blades
 - Level 8.1 Throwing
 - Level 8.1 Armour
 - Level 20.0 Dodging
 - Level 20.1 Stealth
 + Level 10.7 Shields
 - Level 9.3 Evocations


You had 14 spell levels left.
You didn't know any spells.
Your spell library was empty.

Dungeon Overview and Level Annotations

Branches:
Dungeon (1/1)

Altars:
Cheibriados
Dithmenos
Elyvilon
Fedhas
Gozag
Hepliaklqana
Kikubaaqudgha
Makhleb
Nemelex Xobeh
Okawaru
Qazlal
Ru
Sif Muna
Trog
Uskayaw
Vehumet
Wu Jian
Xom
Yredelemnul
Zin
The Shining One
Beogh
Jiyva
Lugonu

Shops:
D [??*

Annotations:
D Asmodeus


Innate Abilities, Weirdness & Mutations

You are small and have problems with some larger weapons.
You are carnivorous and can eat meat at any time.


Message History

Something draws strength from your injuries!
You feel better. You resist.
* * * LOW HITPOINT WARNING * * *
The white draconian annihilator points at you and mumbles some strange words.
The poison arrow misses you. Something hits you!
* * * LOW HITPOINT WARNING * * *
Something completely misses you. You block Asmodeus's attack.
You feel better. You resist.
* * * LOW HITPOINT WARNING * * *
Your skin stops crawling.
You feel less resistant to hostile enchantments.
Something closely misses you. You block something's attack.
You feel better. You resist.
* * * LOW HITPOINT WARNING * * *
Asmodeus no longer looks unusually strong.
Something hits you!
* * * LOW HITPOINT WARNING * * *
You block something's attack.
Asmodeus hits you with the +7 sceptre of Asmodeus!
You die...

▓.▓.▓.▓.▓.▓.▓.▓.▓.
▓.▓.▓.▓.▓.▓.▓.▓.▓.
▓.▓'▓.▓.▓.▓[▓.▓.▓.
▓q▓.▓.▓.▓.▓.▓.▓'▓.
▓.▓.▓.▓.▓.▓)▓.▓.▓.
▓.▓.▓.▓.▓.▓∩▓.▓.▓.
▓.▓.▓(▓)▓.▓)▓.▓.▓.
▓{▓)▓.▓)▓.▓∩▓.▓(▓.
▓@▓.▓.▓.▓.▓.▓.▓.▓.
▓&▓.▓(▓(▓.▓∩▓.▓.▓.
▓°▓.▓(▓†▓.▓.▓.▓.▓.
▓p▓°▓.▓)▓)▓.▓∩▓.▓÷▓.
▓.▓.▓'▓.▓(▓.▓.▓.▓÷▓.
▓.▓.▓.▓.▓)▓.▓.▓(▓÷▓.
▓.▓.▓)▓.▓)▓.▓.▓(▓÷▓.
▓)▓.▓.▓.▓'▓.▓)▓(▓.▓.
▓p▓.▓.▓.▓.▓.▓.▓(▓'▓.


You could see Asmodeus and a white draconian annihilator.

Vanquished Creatures
  A thorn hunter (D)
  Donald (D)
  A fire giant (D)
  A nagaraja (D)
  An emperor scorpion (D)
  A frost giant (D)
  A stone giant (D)
  2 very ugly things (D)
  Nessos (D)
  A vampire knight (D)
  2 fire dragons (D)
  Harold (D)
  3 ogre magi (D)
  A vault guard (D)
  Erolcha (D)
  A naga warrior (D)
  2 ice dragons (D)
  A hydra (D)
  3 centaur warriors (D)
  2 alligators (D)
  2 tengu warriors (D)
  A deep troll shaman (D)
  A spriggan berserker (D)
  An orc high priest (D)
  A glowing orange brain (D)
  A swamp dragon (D)
  A deep elf mage (D)
  An ironbrand convoker (D)
  2 wizards (D)
  A mana viper (D)
  A flayed ghost (D)
  An orc knight (D)
  An ugly thing (D)
  A manticore (D)
  A merfolk siren (D)
  A moth of wrath (D)
  A naga mage (D)
  A guardian serpent (D)
  Joseph (D)
  A vault sentinel (D)
  Maurice (D)
  5 black mambas (D)
  2 spiny frogs (D)
  An efreet (D)
  3 yaktaurs (D)
  2 tengu conjurers (D)
  A demonic crawler (D)
  3 polar bears (D)
  A hornet (D)
  A merfolk (D)
  A troll (shapeshifter) (D)
  2 hippogriffs (D)
  2 snapping turtles (D)
  2 slime creatures (D)
  3 redbacks (D)
  A yak (D)
  2 tarantellas (D)
  2 water elementals (D)
  A wyvern (D)
  3 water moccasins (D)
  13 orc warriors (D)
  A porcupine (D)
  A sky beast (D)
  5 black bears (D)
  A boggart (D)
  A centaur (D)
  2 crocodiles (D)
  A bullfrog (D)
  A jelly (D)
  5 orc wizards (D)
  4 orc priests (D)
  An iguana (D)
  2 adder zombies (D)
  A dart slug (D)
  7 orcs (D)
  A bat skeleton (D)
  A giant cockroach (D)
  A goblin (D)
  2 hobgoblins (D)
  A jackal skeleton (D)
  A rat (D)
142 creatures vanquished.

Vanquished Creatures (collateral kills)
  An emperor scorpion (D)
  2 vault wardens (D)
  A stone giant (D)
  A vampire knight (D)
  2 hydras (D)
  A death knight (D)
  7 orc high priests (D)
  Urug (D)
  A skeletal warrior (D)
  An unseen horror (D)
  5 orc knights (D)
  A cyclops (D)
  A manticore (D)
  A merfolk siren (D)
  A water nymph (D)
  A rime drake (D)
  A water moccasin (D)
  A black bear (D)
30 creatures vanquished.

Vanquished Creatures (others)
  A tentacled monstrosity (D)
  2 ironheart preservers (D)
  A vault guard (D)
  2 ironbrand convokers (D)
  A guardian mummy (D)
  A swamp drake (D)
  A ball python skeleton (D)
9 creatures vanquished.

Grand Total: 181 creatures vanquished

Notes
Turn   | Place    | Note
-------+----------+-------------------------------------------
     0 | D        | Devam the Kobold Berserker began the quest for the Orb.
     0 | D        | Reached XP level 1. HP: 14/14 MP: 1/1
     6 | D        | Reached skill level 1 in Stealth
     9 | D        | Reached ** piety under Trog
    12 | D        | Reached XP level 2. HP: 20/20 MP: 2/2
    59 | D        | Noticed a centaur
    62 | D        | Reached skill level 4 in Fighting
    62 | D        | Reached skill level 5 in Short Blades
    68 | D        | Killed a centaur
    68 | D        | Reached *** piety under Trog
    68 | D        | Reached skill level 5 in Fighting
    68 | D        | Reached skill level 5 in Dodging
    68 | D        | Reached skill level 5 in Stealth
    68 | D        | Reached XP level 3. HP: 27/27 MP: 3/3
    68 | D        | Reached XP level 4. HP: 32/32 MP: 4/4
   100 | D        | Reached skill level 6 in Fighting
   100 | D        | Reached XP level 5. HP: 33/36 MP: 5/5
   130 | D        | Found a roughly hewn altar of Beogh.
   130 | D        | Found a snail-covered altar of Cheibriados.
   130 | D        | Found a shadowy altar of Dithmenos.
   130 | D        | Found a white marble altar of Elyvilon.
   130 | D        | Found a blossoming altar of Fedhas.
   130 | D        | Found an opulent altar of Gozag.
   131 | D        | Found a hazy altar of Hepliaklqana.
   132 | D        | Found a viscous altar of Jiyva.
   133 | D        | Found an ancient bone altar of Kikubaaqudgha.
   134 | D        | Found a corrupted altar of Lugonu.
   135 | D        | Found a burning altar of Makhleb.
   136 | D        | Found a sparkling altar of Nemelex Xobeh.
   137 | D        | Found an iron altar of Okawaru.
   138 | D        | Found a stormy altar of Qazlal.
   139 | D        | Found a sacrificial altar of Ru.
   140 | D        | Found a deep blue altar of Sif Muna.
   141 | D        | Found a bloodstained altar of Trog.
   142 | D        | Found a hide-covered altar of Uskayaw.
   143 | D        | Found a radiant altar of Vehumet.
   144 | D        | Found an ornate altar of the Wu Jian Council.
   145 | D        | Found a shimmering altar of Xom.
   146 | D        | Found a basalt altar of Yredelemnul.
   147 | D        | Found a glowing silver altar of Zin.
   148 | D        | Found a glowing golden altar of the Shining One.
   199 | D        | Noticed an orc warrior
   199 | D        | Noticed a sky beast
   199 | D        | Noticed an orc warrior
   212 | D        | Killed an orc warrior
   212 | D        | Reached **** piety under Trog
   212 | D        | Reached skill level 7 in Fighting
   212 | D        | Reached XP level 6. HP: 23/44 MP: 6/6
   420 | D        | Killed a sky beast
   426 | D        | Killed an orc warrior
   426 | D        | Reached skill level 8 in Fighting
   426 | D        | Reached skill level 10 in Short Blades
   426 | D        | Reached skill level 10 in Stealth
   426 | D        | Reached XP level 7. HP: 50/50 MP: 7/7
   429 | D        | Reached ***** piety under Trog
   480 | D        | Noticed a manticore
   480 | D        | Noticed a green ugly thing
   480 | D        | Noticed a centaur warrior
   489 | D        | Killed a centaur warrior
   489 | D        | Received a gift from Trog
   489 | D        | Reached skill level 11 in Fighting
   489 | D        | Reached XP level 8. HP: 50/60 MP: 8/8
   507 | D        | Killed a green ugly thing
   507 | D        | Reached skill level 15 in Short Blades
   507 | D        | Reached XP level 9. HP: 64/65 MP: 9/9
   515 | D        | Killed an unseen horror
   515 | D        | Reached skill level 12 in Fighting
   517 | D        | Killed a manticore
   517 | D        | Reached skill level 13 in Fighting
   731 | D        | Noticed a spiny frog
   731 | D        | Noticed a seven-headed hydra
   731 | D        | Noticed a hippogriff
   741 | D        | Killed a hippogriff
   750 | D        | Killed a seven-headed hydra
   750 | D        | Reached XP level 10. HP: 74/74 MP: 10/10
   756 | D        | Killed a spiny frog
   765 | D        | Reached skill level 5 in Throwing
   774 | D        | Reached skill level 10 in Dodging
   776 | D        | Reached skill level 14 in Fighting
   782 | D        | Received a gift from Trog
   979 | D        | Noticed a black mamba
   982 | D        | Noticed a five-headed hydra
   985 | D        | Killed a black mamba
   989 | D        | Reached skill level 5 in Armour
   989 | D        | Noticed a six-headed hydra
   997 | D        | Reached ****** piety under Trog
  1000 | D        | Noticed a rime drake
  1006 | D        | Killed a five-headed hydra
  1007 | D        | Killed a five-headed hydra
  1007 | D        | Received a gift from Trog
  1008 | D        | Reached skill level 15 in Fighting
  1009 | D        | Killed a rime drake
  1009 | D        | Received a gift from Trog
  1192 | D        | Reached skill level 15 in Stealth
  1192 | D        | Reached XP level 11. HP: 81/81 MP: 3/11
  1220 | D        | Received a gift from Trog
  1328 | D        | Noticed Urug
  1338 | D        | Killed Urug
  1360 | D        | Noticed Erolcha
  1363 | D        | Noticed Joseph
  1367 | D        | Killed Erolcha
  1367 | D        | Received a gift from Trog
  1371 | D        | Killed Joseph
  1423 | D        | Received a gift from Trog
  1447 | D        | Received a gift from Trog
  1456 | D        | Reached skill level 16 in Fighting
  1599 | D        | Received a gift from Trog
  1652 | D        | Received a gift from Trog
  1659 | D        | Received a gift from Trog
  1701 | D        | Found Leviyng's General Store.
  1701 | D        | Noticed an orc knight
  1701 | D        | Noticed an orc high priest
  1701 | D        | Noticed an orc high priest
  1701 | D        | Noticed an orc high priest
  1701 | D        | Noticed an orc knight
  1702 | D        | Noticed an orc knight
  1710 | D        | Killed an orc knight
  1713 | D        | Killed an orc high priest
  1715 | D        | Killed an orc high priest
  1718 | D        | Killed an orc high priest
  1722 | D        | Noticed an orc knight
  1724 | D        | Killed an orc knight
  1725 | D        | Killed an orc knight
  1725 | D        | Received a gift from Trog
  1725 | D        | Reached skill level 17 in Fighting
  1727 | D        | Killed an orc knight
  1729 | D        | Noticed an orc high priest
  1733 | D        | Killed an orc high priest
  1733 | D        | Reached XP level 12. HP: 62/91 MP: 4/12
  1742 | D        | Noticed an orc high priest
  1746 | D        | Found Hoihatigh's Magic Scroll Shop.
  1754 | D        | Killed an orc high priest
  1754 | D        | Received a gift from Trog
  1767 | D        | Found Quolayh's Magic Scroll Boutique.
  1770 | D        | Found Fisuont's Antique Armour Shop.
  1773 | D        | Noticed an orc high priest
  1776 | D        | Noticed an orc high priest
  1777 | D        | Noticed an orc high priest
  1790 | D        | Killed an orc high priest
  1794 | D        | Received a gift from Trog
  1794 | D        | Killed an orc high priest
  1794 | D        | Reached skill level 15 in Dodging
  1801 | D        | Killed an orc high priest
  1801 | D        | Reached skill level 18 in Fighting
  2054 | D        | Bought a runed helmet for 157 gold pieces
  2054 | D        | Bought a heavily jewelled robe for 119 gold pieces
  2054 | D        | Bought a pair of glowing gloves for 157 gold pieces
  2089 | D        | Identified the +2 robe of Democracy {SInv} (You bought it
                  | in a shop in the Dungeon)
  2323 | D        | Noticed an ogre mage
  2323 | D        | Noticed a wizard
  2336 | D        | Killed a wizard
  2336 | D        | Received a gift from Trog
  2342 | D        | Killed an ogre mage
  2342 | D        | Reached skill level 19 in Fighting
  2347 | D        | Noticed a green very ugly thing
  2352 | D        | Noticed a stone giant
  2358 | D        | Noticed a deep troll shaman
  2364 | D        | Received a gift from Trog
  2365 | D        | Noticed a centaur warrior
  2372 | D        | Killed a green very ugly thing
  2372 | D        | Reached skill level 20 in Fighting
  2373 | D        | Noticed a vampire knight
  2375 | D        | Noticed a stone giant
  2387 | D        | Killed a stone giant
  2393 | D        | Killed a deep troll shaman
  2393 | D        | Reached skill level 21 in Fighting
  2403 | D        | Killed a centaur warrior
  2409 | D        | Reached XP level 13. HP: 79/104 MP: 4/13
  2417 | D        | Killed a vampire knight
  2419 | D        | Killed a stone giant
  2419 | D        | Received a gift from Trog
  2419 | D        | Reached skill level 22 in Fighting
  2444 | D        | Got a pitted short sword {god gift}
  2458 | D        | Identified the +11 short sword "Xelaot" {freeze, rElec}
                  | (Trog gifted it to you in the Dungeon)
  2629 | D        | Noticed Harold
  2637 | D        | Killed Harold
  2637 | D        | Received a gift from Trog
  2644 | D        | Noticed Nessos
  2660 | D        | Killed Nessos
  2730 | D        | Noticed Donald
  2740 | D        | Killed Donald
  2774 | D        | Noticed a naga warrior
  2775 | D        | Noticed a nagaraja
  2781 | D        | Reached skill level 1 in Shields
  2797 | D        | Killed a naga warrior
  2797 | D        | Received a gift from Trog
  2821 | D        | Killed a nagaraja
  2821 | D        | Reached skill level 5 in Evocations
  2847 | D        | Received a gift from Trog
  2901 | D        | Noticed a thorn hunter
  2940 | D        | Received a gift from Trog
  2950 | D        | Killed a thorn hunter
  2950 | D        | Reached skill level 23 in Fighting
  3000 | D        | Received a gift from Trog
  3014 | D        | Reached skill level 5 in Shields
  3017 | D        | Reached XP level 14. HP: 105/114 MP: 6/20
  3027 | D        | Received a gift from Trog
  3094 | D        | Noticed an emperor scorpion
  3114 | D        | Received a gift from Trog
  3118 | D        | Noticed an emperor scorpion
  3189 | D        | Killed an emperor scorpion
  3234 | D        | Killed an emperor scorpion
  3504 | D        | Noticed Maurice
  3511 | D        | Killed Maurice
  3587 | D        | Noticed a brown very ugly thing
  3587 | D        | Noticed a frost giant
  3601 | D        | Killed a frost giant
  3602 | D        | Noticed a vampire knight
  3613 | D        | Killed a brown very ugly thing
  3613 | D        | Received a gift from Trog
  3620 | D        | Paralysed by a vampire knight for 4 turns
  3728 | D        | Killed a vampire knight
  3793 | D        | Received a gift from Trog
  3808 | D        | Received a gift from Trog
  3848 | D        | Received a gift from Trog
  3869 | D        | HP: 4/115 [ice dragon/blast of cold (35)]
  4135 | D        | Received a gift from Trog
  4259 | D        | Reached skill level 24 in Fighting
  4407 | D        | Received a gift from Trog
  4447 | D        | Received a gift from Trog
  4512 | D        | Noticed a vault warden
  4530 | D        | Received a gift from Trog
  4548 | D        | Noticed a vault warden
  4551 | D        | Killed a vault warden
  4554 | D        | Received a gift from Trog
  4559 | D        | Killed a vault warden
  4568 | D        | Identified the +7 sceptre of Asmodeus
  4568 | D        | Noticed Asmodeus
  4569 | D        | Noticed a fire giant
  4625 | D        | Reached XP level 15. HP: 93/122 MP: 7/22
  4634 | D        | Reached skill level 10 in Shields
  4665 | D        | Killed a fire giant
  4665 | D        | Received a gift from Trog
  4935 | D        | Killed an ironheart preserver
  5007 | D        | Killed an ironheart preserver
  5131 | D        | Noticed a fire giant
  5132 | D        | Noticed a Brimstone Fiend
  5149 | D        | Noticed a balrug
  5467 | D        | Noticed a balrug
  5559 | D        | Noticed a tentacled monstrosity
  5559 | D        | Noticed a white draconian annihilator
  5595 | D        | HP: 5/122 [tentacled monstrosity (9)]
  5599 | D        | Killed a tentacled monstrosity
  5601 | D        | HP: 2/122 [something (5)]
  5604 | D        | Slain by Asmodeus

Skill      XL: |  1  2  3  4  5  6  7  8  9 10 11 12 13 14 15 |
---------------+----------------------------------------------+-----
Stealth        | 2 5 6 8 10 11 15 17 20 | 20.1
Dodging        | 3 5 6 7 8 9 10 14 15 17 19 20 | 20.0
Fighting       | 5 6 7 8 11 13 15 17 21 23 24 | 24.9
Short Blades   | 6 7 8 10 13 15 | 15.9
Throwing       | 4 8 |  8.1
Armour         | 3 5 8 |  8.1
Evocations     | 8 9 |  9.3
Shields        | 5 9 10 | 10.7

Action                   |  1- 3 |  4- 6 |  7- 9 | 10-12 | 13-15 || total
-------------------------+-------+-------+-------+-------+-------++-------
Melee: Short sword       |    16 |    16 |       |       |    18 ||    50
       Rapier            |       |    22 |    43 |   100 |    45 ||   210
       Dagger            |       |       |       |    28 |     8 ||    36
       Quick blade       |       |       |       |   150 |   661 ||   811
Throw: Tomahawk          |       |       |       |     3 |    40 ||    43
Invok: Berserk           |     2 |     2 |     2 |     5 |     9 ||    20
       Trog's Hand       |       |     2 |     1 |     5 |    15 ||    23
       Brothers in Arms  |       |       |     1 |     6 |    14 ||    21
  Use: Potion            |       |     2 |       |       |    19 ||    21
       Scroll            |       |     1 |       |       |     8 ||     9
 Stab: Sleeping          |       |       |       |     6 |     6 ||    12
       Distracted        |       |       |       |       |     2 ||     2
  Eat: Chunk             |     5 |     3 |     6 |    12 |    27 ||    53
Armor: Animal skin       |       |     2 |     2 |       |       ||     4
       Ring mail         |       |       |     2 |    13 |       ||    15
       Acid dragon scale |       |       |       |     4 |    66 ||    70
       Fire dragon scale |       |       |       |       |    31 ||    31
Dodge: Dodged            |     8 |    23 |    25 |    85 |   322 ||   463
Block: Shield            |       |       |       |       |    37 ||    37
